[Event "3rd Matrix Cup 2024"]
[Site "New Delhi"]
[Date "2024.04.09"]
[Round "8.8"]
[White "Shubhi Gupta"]
[Black "Aadya Gupta"]
[Result "1-0"]
[ECO "D17"]
[WhiteElo "1953"]
[BlackElo "1775"]
[Annotator "RC"]
[PlyCount "51"]
[EventDate "2024.04.07"]
[EventType "swiss"]
[EventCountry "IND"]
[SourceTitle "playchess.com"]
[Source "ChessBase"]
[SourceQuality "1"]
[TimeControl "5400+30"]

1. d4 d5 2. Nf3 Nf6 3. c4 c6 4. Nc3 dxc4 5. a4 Bf5 6. Ne5 Nbd7 7. Nxc4 Qc7 8. g3 e5 9. dxe5 Nxe5 10. Bf4 Nfd7 11. Bg2 f6 12. O-O g5 13. Bxe5 Nxe5 14. Nxe5 Qxe5 15. e4 Bd7 16. Qh5+ Kd8 17. Rfd1 Kc7 18. Rac1 Rd8 19. Qf7 Qe6 20. Nb5+ Kc8 21. Rxd7 Qxd7 22. Bh3 Be7 23. Qxe7 Kb8 24. Bxd7 cxb5 25. Bxb5 a6 26. Rc7 1-0

[Event "3rd Matrix Cup 2024"]
[Site "New Delhi"]
[Date "2024.04.10"]
[Round "9.1"]
[White "Aronyak Ghosh"]
[Black "Shubhi Gupta"]
[Result "1-0"]
[ECO "A21"]
[WhiteElo "2517"]
[BlackElo "1953"]
[Annotator "TA"]
[PlyCount "75"]
[EventDate "2024.04.07"]
[EventType "swiss"]
[EventCountry "IND"]
[SourceTitle "playchess.com"]
[Source "ChessBase"]
[SourceQuality "1"]
[TimeControl "5400+30"]

1. c4 e5 2. d3 d6 3. Nc3 f5 4. g3 Nf6 5. Bg2 g6 6. Nf3 Bg7 7. O-O O-O 8. Rb1 c6 9. b4 Qc7 10. Bd2 Nbd7 11. b5 Nc5 {[%emt 0:04:07] The position is equal.} 12. Be3 Ne6 13. bxc6 bxc6 14. Ng5 f4 15. Nxe6 Bxe6 16. Bd2 (16. gxf4 exf4 (16... Ng4 17. Bd2 $15) 17. Bd2 (17. Bxf4 Ng4 $17) 17... Ng4 $15) 16... fxg3 17. hxg3 d5 18. Qa4 d4 (18... dxc4 $142 19. dxc4 (19. Qxc6 Qxc6 20. Bxc6 Rad8 $11) 19... Rac8) 19. Ne4 $16 (19. Qxc6 Qxc6 20. Bxc6 dxc3 21. Bxc3 Rac8 $17) 19... Nxe4 20. Bxe4 (20. dxe4 c5 $15) 20... Rac8 21. Rb2 Bf5 {[%emt 0:07:41] [#]} 22. Bg2 {[%emt 0:00:36] White is more active.} (22. Qa6 $1 $16 {aiming for Rb7.} Rb8 (22... Bxe4 23. Rb7 $18) 23. Rxb8 (23. Qxc6 $2 Qxc6 24. Bxc6 Rxb2 $19) 23... Rxb8 24. Bxc6 (24. Qxc6 Qxc6 25. Bxc6 Rb2 $16)) 22... e4 $1 $14 23. dxe4 d3 $1 {[%emt 0:00:05] ...Bg4 is the strong threat.} 24. Bf4 $36 {[%emt 0:00:18][%mdl 2048] White is pushing.} Qf7 (24... Qe7 $1 $14 25. Rd2 dxe2 26. Rxe2 (26. exf5 e1=Q $11) 26... Bg4) 25. Rd2 dxe2 26. Rxe2 ({Don't do} 26. exf5 $6 exf1=B (26... exf1=R+ 27. Kxf1 Qxf5 28. Bxc6 $14) 27. Kxf1 Bc3 (27... Qxf5 28. Bxc6 Kh8 29. Kg2 $14) 28. fxg6 Qxg6 $14) 26... Be6 27. Rc1 Rfd8 28. e5 Rd4 29. Re4 c5 (29... Rd7 $16 30. Qa6 Rdd8) 30. Rd1 (30. Rxd4 $18 cxd4 31. c5) 30... Rcd8 {[%emt 0:01:50] This move loses the game for Black.} (30... Rxd1+ $16 {keeps fighting.} 31. Qxd1 h6) 31. Rexd4 $18 Rxd4 32. Rb1 Rxc4 $2 (32... Bf8 33. Rb8 Rxf4 34. gxf4 Qxf4) 33. Rb8+ Bf8 34. Qc6 {[%emt 0:00:38] [#] Threatening mate with Bh6.} Bd7 $2 (34... Rxf4 35. gxf4 Bxa2) 35. e6 Qxf4 (35... Bxc6 $18 36. exf7+ Kxf7 37. Bxc6 Rd4) 36. gxf4 {[%emt 0:00:49] White mates.} Bxc6 37. e7 Rxf4 38. Bxc6 {[%emt 0:00:03] Weighted Error Value: White=0.33/Black=0.50.  Loses game:     	---       	Black=1      Mistake:       	White=2     	Black=6      Inaccurate:     	White=2     	Black=2      OK:         	White=8     	Black=6      Best:        	White=3     	Black=3      Strong:       	---       	Black=2} 1-0

[Event "3rd Matrix Cup 2024"]
[Site "New Delhi"]
[Date "2024.04.10"]
[Round "9.2"]
[White "Mrityunjay Kumar"]
[Black "Neelash Saha"]
[Result "0-1"]
[ECO "D59"]
[WhiteElo "1900"]
[BlackElo "2464"]
[Annotator "TA"]
[PlyCount "70"]
[EventDate "2024.04.07"]
[EventType "swiss"]
[EventCountry "IND"]
[SourceTitle "playchess.com"]
[Source "ChessBase"]
[SourceQuality "1"]
[TimeControl "5400+30"]

1. d4 Nf6 2. c4 e6 3. Nc3 d5 4. Nf3 Be7 5. Bg5 O-O 6. e3 h6 7. Bh4 b6 8. cxd5 Nxd5 9. Bxe7 Qxe7 10. Be2 Bb7 11. O-O Nxc3 12. bxc3 Nd7 13. a4 a5 14. Nd2 e5 {[%emt 0:00:44] The position is equal.} 15. Bf3 e4 16. Be2 f5 17. c4 c5 18. Nb1 ({White should try} 18. d5 $11) 18... f4 {[%emt 0:02:06] Hoping for ...f3.} 19. exf4 Qf6 $1 20. dxc5 (20. Bg4 $2 Rad8 (20... Qxd4 $2 21. Qxd4 cxd4 22. Bxd7 $18) 21. Qb3 cxd4 22. c5+ Kh7 23. Bxd7 Rxd7 24. cxb6 d3 $19 (24... Qxf4 $2 25. g3 $19)) 20... Qxa1 (20... Nxc5 21. Ra2) 21. Qxd7 Rf7 (21... Qb2 $1 $17 22. c6 (22. Qxb7 Qxe2 23. cxb6 Rad8 $17) 22... Qxe2 (22... Bxc6 23. Qxc6 Qxe2 24. Nc3 $11) 23. cxb7 Rab8 24. Qd5+ Rf7) 22. Qe6 $11 {[%emt 0:02:10] And now Bh5 would win.} Qf6 $1 (22... bxc5 $6 23. Bh5 Qf6 24. Qxf7+ (24. Bxf7+ Qxf7 25. Qb6 e3 $16) 24... Qxf7 25. Bxf7+ Kxf7 26. Rd1 $14) 23. Qxb6 Rc8 24. Bh5 Re7 25. Qxa5 {[%emt 0:09:08] [#]} (25. Qxf6 $11 gxf6 26. Be2) 25... Qxf4 ({Better is} 25... e3 $1 $17 26. Qe1 Rxc5 (26... Qxf4 $2 27. Be2 $19)) 26. Qd2 (26. Be2 $1 $11) 26... Qf5 27. Be2 {[%emt 0:02:04] [#]} e3 $1 {[%emt 0:03:46] Black is more active.} ({Much weaker is} 27... Rxc5 $6 28. Qd8+ Qf8 29. Qd4 $11) (27... Qxc5 28. Qe3 $15) 28. fxe3 (28. Qd4 $17 {is a better defense.}) 28... Qxc5 $40 {[%emt 0:00:06][%mdl 128] Black has strong attack.} 29. Kh1 (29. Bg4 $17 Rxe3 (29... Qxe3+ 30. Qxe3 Rxe3 31. Bxc8 $16) 30. Qf2) 29... Rxe3 30. Nc3 Rce8 31. Bd3 $2 (31. Bf3 {was the only defense.} Bxf3 (31... Qxc4 32. Bd5+ Bxd5 33. Qxd5+ Qxd5 34. Nxd5 $19) 32. gxf3) 31... Rd8 ({Don't blunder} 31... Qd4 $2 32. Bh7+ Kxh7 33. Qxd4 $18) 32. Nd5 Bxd5 33. cxd5 Rxd5 34. Rf5 {[%emt 0:03:14] Rxd5 would now be deadly.} Rexd3 35. Qxd3 Rxd3 {[%emt 0:00:10] Weighted Error Value: White=0.64/Black=0.12 (very precise) .  Mistake:       	White=6     	Black=2      Inaccurate:     	White=3     	Black=1      OK:         	White=7     	Black=10     Best:        	White=1     	---        Strong:       	---       	Black=3} 0-1

[Event "3rd Matrix Cup 2024"]
[Site "New Delhi"]
[Date "2024.04.10"]
[Round "9.3"]
[White "Prithvi Sharma"]
[Black "Shreyash Singh"]
[Result "0-1"]
[ECO "B13"]
[WhiteElo "1858"]
[BlackElo "1853"]
[Annotator "NA RC COMBH"]
[PlyCount "100"]
[EventDate "2024.04.07"]
[EventType "swiss"]
[EventCountry "IND"]
[SourceTitle "playchess.com"]
[Source "ChessBase"]
[SourceQuality "1"]
[TimeControl "5400+30"]

1. e4 c6 2. d4 d5 3. exd5 cxd5 4. Bd3 Nc6 5. c3 Qc7 6. h3 Nf6 7. Nf3 g6 8. O-O Bf5 9. Re1 Bxd3 10. Qxd3 Bg7 11. Be3 O-O 12. Nbd2 Rac8 13. g3 Nh5 14. Kg2 Rcd8 15. Nb3 b6 16. Qd2 $11 Rfe8 17. Rad1 Qb7 18. Re2 Nf6 19. Rde1 Ne4 20. Qc2 e6 21. Nfd2 Nxd2 22. Qxd2 Qa6 23. Nc1 Na5 24. b3 Rc8 25. Nd3 Qb7 26. Kh2 Nc6 27. Bh6 Bh8 28. h4 Ne7 29. h5 Nf5 30. hxg6 hxg6 31. Bf4 Qc6 32. Rc1 Bg7 33. Ne5 Qb5 34. Ree1 g5 35. g4 Nd6 36. Bg3 f6 37. Nf3 Ne4 38. Qb2 f5 39. a4 Qc6 40. Rxe4 dxe4 41. Ne5 Qb7 42. Nc4 f4 43. Nd6 fxg3+ 44. fxg3 Qd5 45. Nxe8 Rxe8 46. Rd1 Rf8 47. c4 Qd6 48. Qd2 Rf3 49. Rg1 e3 50. Qe1 Qxd4 0-1

[Event "3rd Matrix Cup 2024"]
[Site "New Delhi"]
[Date "2024.04.10"]
[Round "9.4"]
[White "Saparya Ghosh"]
[Black "Kumar, Gaurav"]
[Result "0-1"]
[ECO "E45"]
[WhiteElo "1759"]
[BlackElo "2083"]
[Annotator "TA"]
[PlyCount "104"]
[EventDate "2024.04.07"]
[EventType "swiss"]
[EventCountry "IND"]
[SourceTitle "playchess.com"]
[Source "ChessBase"]
[SourceQuality "1"]
[TimeControl "5400+30"]

1. d4 Nf6 2. c4 e6 3. Nc3 Bb4 4. e3 b6 5. Nge2 Ba6 6. a3 Bxc3+ 7. Nxc3 d5 8. cxd5 {[%emt 0:15:12] Strongly threatening Bxa6.} Bxf1 9. Kxf1 exd5 10. h4 O-O {[%emt 0:01:00] The position is equal.} 11. h5 h6 12. Qf3 c6 13. e4 dxe4 14. Nxe4 Nxe4 (14... Qxd4 $6 15. Nxf6+ Qxf6 16. Qxf6 gxf6 17. Bxh6 $14) 15. Qxe4 Nd7 16. Be3 (16. Qxc6 $11 Rc8 17. Qa4) 16... Nf6 (16... Rc8 $1 $15) 17. Qf5 (17. Qxc6 $11 Rc8 18. Qa4) 17... Nd5 18. Rh3 Qc8 (18... Re8 {is more complex.} 19. Rf3 Qc7 20. Rc1 Qb7) 19. Qf3 Qa6+ 20. Kg1 Qb5 21. Rc1 f5 (21... Qxb2 $2 22. Bxh6 Qxd4 (22... gxh6 $2 23. Rg3+ Kh8 24. Rxc6 $18) 23. Rg3 $18) 22. Bf4 Qxb2 23. Rg3 Nf6 24. Rxc6 Ng4 {[%emt 0:00:45][%cal Oa8e8] aiming for ...Rae8!} 25. Qd5+ (25. Qb3+ $1 $11 {remains equal.} Qxb3 26. Rxb3) 25... Rf7 $1 $17 26. Rxg4 fxg4 27. Rxh6 Raf8 (27... Re8 28. Rg6 $15) (27... Qb1+ $1 $17 28. Kh2 Qf5 29. Qxa8+ Rf8) 28. Rg6 (28. Qe4 $1 $11 {was the only way to keep the balance.} Qa1+ (28... gxh6 29. Qg6+ Rg7 30. Qe6+ Kh8 31. Qxh6+ Kg8 32. Qe6+ Kh8 33. Qh6+ Kg8 34. Qe6+ Rff7 35. Qe8+ Rf8 36. Qe6+ $11) (28... Rxf4 29. Qh7+ Kf7 30. Qg6+ Kg8 31. Qh7+ Kf7 32. Qg6+ Kg8 33. Qh7+ $11) 29. Kh2 g3+ (29... gxh6 30. Qg6+ Rg7 31. Qe6+ Kh8 32. Qxh6+ Kg8 33. Be5 $11) (29... Rxf4 30. Qh7+ Kf7 31. Qg6+ Kg8 32. Qh7+ Kf7 33. Qg6+ Kg8 34. Qh7+ $11) 30. fxg3 gxh6 31. Qg6+ Rg7 32. Qe6+ Rff7 33. Qc8+ Kh7 34. Qc2+ Kg8 35. Qc8+ Rf8 (35... Kh7 36. Qc2+ Kh8 37. Qc8+ Kh7 $11) 36. Qe6+ Rgf7 37. Qg6+ Rg7 38. Qe6+) 28... Qb1+ $1 29. Kh2 Qf5 {[%emt 0:02:07] Chess con chili.} 30. Qxf5 Rxf5 {[%emt 0:00:06][%mdl 4096] Endgame. KRR-KRB} 31. Be5 R8f7 (31... Rxf2 32. Rxg7+ Kh8 33. Rxa7+ (33. Rxg4+ Kh7 $14) 33... Kg8 34. Rg7+ Kh8 35. Kg3 $18 (35. Rxg4+ Kh7 $18)) (31... Rxh5+ $142 32. Kg3 Rf7 33. Kxg4 Rh6 34. Rxh6 gxh6) 32. Kg3 Rxh5 (32... Rxf2 33. Bxg7 Kh7 34. Be5 $16) 33. Rxg4 Rh1 {[%emt 0:03:09] Hoping for ...Ra1.} 34. d5 (34. Re4 $17) 34... Rd1 35. d6 Rd3+ 36. f3 Rxa3 37. Rc4 {[%emt 0:00:43] [#]} Ra5 (37... Re3 $1 $19 38. Rd4 (38. Rc8+ $2 Rf8 $19) 38... Rd7 (38... Rxe5 39. d7 $17)) 38. f4 Rd5 (38... g5 $17 39. Kg4 gxf4 40. Bxf4 Rc5) 39. Kg4 {[%emt 0:00:29] [#]} ({Better is} 39. Rc8+ $15 Kh7 40. Re8) 39... b5 (39... Rc5 $1 $17 40. Rd4 Rd7) 40. Rc8+ $11 Kh7 {[%emt 0:00:08] ...Kg6 would now be deadly.} 41. Ra8 $2 (41. Rc7 $11 Kg8 (41... Rxc7 42. dxc7 Rc5 43. Kf5 $11) 42. Rc8+ Rf8 43. Rc7) 41... b4 {[%emt 0:05:22] ...Rb7 is the strong threat.} 42. Kf3 $2 (42. Rb8) 42... Rxe5 $19 43. d7 Rd5 44. d8=Q Rxd8 45. Rxd8 {[%emt 0:00:03] KR-KR} Rb7 46. Rd1 b3 {[%emt 0:00:06] ( -> ...b2)} 47. Ke3 b2 {[%emt 0:00:14] Black mates.} 48. Rb1 a5 49. Kd2 a4 50. Kc2 a3 51. g3 a2 52. Rxb2 Rc7+ {[%emt 0:00:06] Weighted Error Value: White=0.71/Black=0.19 (very precise) .  Loses game:     	White=1     	---        Mistake:       	White=7     	Black=6      Inaccurate:     	White=3     	Black=3      OK:         	White=10    	Black=8      Best:        	White=2     	Black=2      Strong:       	---       	Black=2} (52... a1=B 53. Rxb7 Bd4 54. Kd3 $18) 0-1

[Event "3rd Matrix Cup 2024"]
[Site "New Delhi"]
[Date "2024.04.10"]
[Round "9.5"]
[White "Kishan Kumar"]
[Black "Nirnay Garg"]
[Result "0-1"]
[ECO "D02"]
[WhiteElo "1933"]
[BlackElo "1828"]
[Annotator "TA"]
[PlyCount "102"]
[EventDate "2024.04.07"]
[EventType "swiss"]
[EventCountry "IND"]
[SourceTitle "playchess.com"]
[Source "ChessBase"]
[SourceQuality "1"]
[TimeControl "5400+30"]

1. Nf3 Nf6 2. g3 d5 3. d4 Bf5 4. Bg2 e6 5. Nh4 Bg4 6. h3 Bh5 7. g4 Nfd7 8. Nf3 {[%emt 0:01:09] The position is equal.} (8. e4 $5) 8... Bg6 9. Bf4 c5 10. e3 (10. c4 $11 {should be considered.}) 10... Qb6 11. Qc1 ({White should play} 11. c4 $15) 11... Nc6 12. c3 Rc8 13. O-O Be7 14. Nbd2 (14. a3 $15) 14... O-O (14... cxd4 $17 15. exd4 Nb4) 15. Nb3 cxd4 16. exd4 Nf6 {[%emt 0:01:34] Black is more active.} (16... a5 $1 $17 17. Nbd2 Nb4) 17. Ne5 $11 Nxe5 18. Bxe5 (18. dxe5 $11 Nd7 19. Be3) 18... Qa6 19. Re1 Ne4 20. f3 Nd6 21. Bg3 {[%emt 0:01:44] Prevents Bh4.} Nc4 22. Nd2 b5 23. Nxc4 bxc4 24. b4 (24. f4 $15 Bd6 25. Qe3) 24... cxb3 $17 25. axb3 Qc6 (25... Qb5 $17 26. Rxa7 Rfe8) 26. c4 ({Much weaker is} 26. Rxa7 Bb4 (26... Qxc3 $2 27. Qxc3 Rxc3 28. Rxe7 $18) 27. Re3 Qb6 $17 (27... Bxc3 $2 28. Rc7 $19)) 26... Bb4 27. Rd1 dxc4 28. bxc4 Qxc4 29. Qxc4 Rxc4 30. Bf1 Rcc8 31. Ba6 (31. Rxa7 $2 {too greedy.} Bc2 32. Rc1 Bd2 $19) 31... Rcd8 32. Bh4 Rd7 33. Bb5 Rb7 34. Bc6 Rc7 35. d5 exd5 $1 36. Bxd5 {[%emt 0:00:21] [#]} Rfc8 (36... Bc2 $1 $17 37. Rdc1 Bd2) 37. Bf2 {[%emt 0:02:30] [#]} ({Better is} 37. Be1 $15 Bxe1 38. Rxe1) 37... Bc2 $1 38. Rdc1 Bd2 39. Rf1 a5 40. Be4 Bxe4 41. fxe4 Rc4 42. Rfd1 Bc3 43. Ra3 Bb4 (43... Rxe4 $2 {perishes.} 44. Rxc3 Rb8 45. Bg3 $18) 44. Re3 (44. Ra2 $142) 44... a4 $19 45. e5 (45. Kg2 $142) 45... a3 {[%emt 0:00:28] Hoping for ...Rc1.} 46. e6 $2 (46. Re2) 46... fxe6 {[%emt 0:00:27] White must now prevent ...Rc1.} 47. Rxe6 Rc1 48. Rxc1 Rxc1+ 49. Kg2 a2 50. Bd4 Rc2+ 51. Kf3 Bc3 {[%emt 0:00:07] Weighted Error Value: White=0.65/Black=0.15 (very precise) .  Mistake:       	White=9     	Black=4      Inaccurate:     	White=6     	Black=4      OK:         	White=9     	Black=18     Best:        	---       	Black=4      Strong:       	---       	Black=1} 0-1

[Event "3rd Matrix Cup 2024"]
[Site "New Delhi"]
[Date "2024.04.10"]
[Round "9.6"]
[White "Sahil Bheron"]
[Black "Sharma, Harish"]
[Result "1-0"]
[ECO "D02"]
[WhiteElo "1774"]
[BlackElo "1913"]
[Annotator "TA"]
[PlyCount "159"]
[EventDate "2024.04.07"]
[EventType "swiss"]
[EventCountry "IND"]
[SourceTitle "playchess.com"]
[Source "ChessBase"]
[SourceQuality "1"]
[TimeControl "5400+30"]

1. d4 e6 2. Nf3 d5 3. e3 Bd6 4. Bd3 f5 5. b3 Qe7 6. Bb2 Nf6 7. Nbd2 Nbd7 8. c4 {[%emt 0:00:54] White is slightly better.} c6 9. Qc2 g6 10. Ne5 O-O 11. O-O Ba3 12. Ndf3 a5 13. c5 Bxb2 14. Qxb2 Nxe5 15. Nxe5 (15. dxe5 Nd7 $17) 15... Ng4 16. Rac1 Nxe5 17. dxe5 f4 18. exf4 Rxf4 19. g3 Rf3 20. Qe2 Qf8 21. Kg2 Rf7 22. h4 Qh6 23. f4 Bd7 24. Qg4 Raf8 {[%emt 0:01:33] [#]} 25. h5 {[%emt 0:05:43] White has more active pieces.} Qxh5 $14 26. Qxh5 gxh5 27. Rh1 Rg7 28. Kf2 {[%emt 0:03:24][%mdl 1024] White has compensation.} (28. Rxh5 Rxf4 29. Bxh7+ Kf8 $17) 28... Be8 29. Be2 Rg5 30. Bf3 Rgf5 31. Ke3 Bg6 32. Rh4 Kg7 33. Rch1 b6 34. cxb6 $16 Rb8 35. Kd4 $1 $36 {[%emt 0:02:12][%mdl 2048] White is really pushing.} (35. Bxh5 $6 Rxh5 36. Rxh5 Bxh5 37. Rxh5 Rxb6 $11) 35... Rxb6 36. Kc5 $1 (36. Bxh5 $6 Bxh5 37. Rxh5 Rxh5 38. Rxh5 Rb5 $11) 36... Rb8 (36... Rb5+ $16 37. Kd6 d4) 37. Bxh5 $18 (37. Kxc6 Rff8 $11) 37... Bxh5 38. Rxh5 Rxh5 39. Rxh5 {[%emt 0:00:07][%mdl 4096] Endgame. KR-KR} Rd8 {[%emt 0:00:03] [#]} (39... Kg6 $142 40. Rh3 (40. Rg5+ Kf7 $11) 40... Rd8) 40. Rh2 $2 (40. Kxc6 d4 $17) (40. f5 $1 $18 {[%cal Rf5e6] is the precise move to win.} exf5 41. Rxf5 (41. Kxc6 d4 $11)) 40... Kg6 $16 {[%emt 0:00:34] [#]} 41. g4 $1 {[%emt 0:00:48][%cal Oh2h3] Threatens to win with Rh3!} (41. Kxc6 $6 d4 $11) 41... d4 42. Rd2 (42. Kxc6 $6 d3 43. Rd2 h5 44. gxh5+ Kxh5 $11) 42... d3 43. Kxc6 ({Better is} 43. a3 $16) 43... h5 $11 44. f5+ exf5 45. gxh5+ Kf7 46. Kc5 Ke6 47. Kc4 Kxe5 {[%emt 0:00:10] Strongly threatening ...Ke4.} 48. Rxd3 Rc8+ 49. Kb5 Ke4 50. Rh3 f4 51. a4 f3 {[%emt 0:00:07] ...f2 would now be deadly.} 52. Kxa5 f2 53. Rh1 Rc5+ 54. Kb6 Rxh5 55. Rf1 (55. Rxh5 f1=Q (55... f1=R $2 56. a5 $18) 56. b4 Qf8 $19) 55... Rh6+ 56. Kc5 Rf6 57. b4 {[%emt 0:00:22] And now b5 would win.} Rf5+ 58. Kc4 Ke3 59. a5 {[%emt 0:00:14] aiming for b5.} Rf4+ 60. Kc5 {[%emt 0:00:08] Hoping for b5.} Kd3 $2 {[%emt 0:03:03][%mdl 8192] White stays focused until the end.} (60... Ke2 $11 61. Rxf2+ Rxf2) 61. a6 {[%emt 0:01:21] Threatening mate with a7.} Rf5+ 62. Kc6 {[%emt 0:00:12] Intending a7 and mate.} Kc4 63. a7 {[%emt 0:01:01] White mates.} Rf6+ 64. Kc7 Rf7+ 65. Kb6 Rf6+ 66. Ka5 Rf8 67. b5 (67. Rxf2 Rxf2 68. b5 Kc5 $11) 67... Kc5 68. Rc1+ (68. Rxf2 Rxf2 69. Ka6 Rf8 $11) 68... Kd6 69. Kb6 Kd5 70. Rf1 Rf6+ 71. Ka5 Rf8 72. b6 Kc5 73. Ka6 Kc6 74. Rc1+ Kd7 75. b7 Rf6+ 76. Kb5 Rf5+ 77. Kb4 f1=Q 78. Rxf1 (78. b8=R Rf4+ (78... Qxc1 79. Rd8+ Kxd8 80. a8=Q+ Kd7 81. Qa7+ Qc7 82. Qxc7+ Kxc7 83. Kc4 Re5 84. Kd3 Kc6 85. Kd4 Re6 86. Kc3 Rd6 87. Kb4 Rd4+ 88. Kb3 Kb5 89. Kc3 Rd6 90. Kb3 Rc6 91. Ka3 Kc4 92. Kb2 Kb4 93. Ka1 Rc2 94. Kb1 Kb3 95. Ka1 Rc1#) 79. Ka5 Qxc1 (79... Ra4+ 80. Kxa4 Qa6+ 81. Kb4 $11) (79... Ra4+ 80. Kxa4 Qa6+ 81. Kb3 $11)) 78... Rxf1 79. a8=Q ({Worse is} 79. b8=B Ra1 $11) 79... Rb1+ 80. Kc3 {[%emt 0:00:02] Weighted Error Value: White=0.15 (very precise) /Black=0.16 (very precise) .  Loses game:     	---       	Black=1      Missed win:     	White=1     	---        Mistake:       	White=2     	Black=3      Inaccurate:     	White=3     	Black=6      OK:         	White=21    	Black=20     Best:        	White=4     	Black=4      Strong:       	White=2     	---} 1-0

[Event "3rd Matrix Cup 2024"]
[Site "New Delhi"]
[Date "2024.04.10"]
[Round "9.7"]
[White "Mehul Sondhi"]
[Black "Om Batra"]
[Result "0-1"]
[ECO "B72"]
[WhiteElo "1833"]
[BlackElo "1804"]
[Annotator "NA RC COMBH"]
[PlyCount "150"]
[EventDate "2024.04.07"]
[EventType "swiss"]
[EventCountry "IND"]
[SourceTitle "playchess.com"]
[Source "ChessBase"]
[SourceQuality "1"]
[TimeControl "5400+30"]

1. e4 c5 2. Nf3 d6 3. d4 cxd4 4. Nxd4 Nf6 5. Nc3 a6 6. Be2 g6 7. O-O Bg7 8. Be3 O-O 9. Nb3 Qc7 10. f4 b5 11. Bf3 Bb7 12. a3 Nbd7 13. g4 Nb6 14. Na5 Nc4 15. Nxc4 Qxc4 16. Qd3 Qxd3 17. cxd3 Nd7 18. Rac1 Rfc8 19. Kf2 Nc5 20. Bxc5 Rxc5 21. Ke3 e5 22. h4 exf4+ 23. Kxf4 Rac8 24. Ke3 Bxc3 25. bxc3 Rxc3 26. Ra1 Rb3 27. Rfc1 Rcc3 28. Rxc3 Rxc3 29. Kd2 Rc7 30. Rb1 Bc8 31. Rb4 Kf8 32. g5 Bd7 33. Be2 Ke7 34. d4 f6 35. Rb1 f5 36. Bd3 fxe4 37. Bxe4 Rc4 38. Rb4 Rc8 39. Rb1 Rf8 40. Rh1 Rf4 41. Ke3 Rg4 42. Kf3 d5 43. Bxd5 Rxd4 44. Re1+ Kd6 45. Be4 Ra4 46. Re3 Bc6 47. Bxc6 Kxc6 48. h5 gxh5 49. Re6+ Kd5 50. Rh6 Ke5 51. Rxh5 Kf5 52. Ke3 Rxa3+ 53. Kd4 Kg6 54. Rh6+ Kxg5 55. Rxh7 a5 56. Rf7 a4 57. Rf2 Rb3 58. Rg2+ Kf4 59. Rf2+ Kg3 60. Rf8 a3 61. Rg8+ Kf2 62. Rf8+ Ke1 63. Re8+ Kd1 64. Ra8 Kc2 65. Rc8+ Kb2 66. Rh8 a2 67. Rh2+ Ka3 68. Rh1 Rb1 69. Rh3+ Kb4 70. Rh4 a1=Q+ 71. Kd5+ Ka5 72. Rh7 Rd1+ 73. Kc6 Qf6+ 74. Kb7 Qb6+ 75. Kc8 Rd8# 0-1

[Event "3rd Matrix Cup 2024"]
[Site "New Delhi"]
[Date "2024.04.10"]
[Round "9.8"]
[White "Ishvi Aggarwal"]
[Black "Lakshmi Charan Naidu G"]
[Result "1/2-1/2"]
[ECO "E00"]
[WhiteElo "1959"]
[BlackElo "1753"]
[Annotator "TA"]
[PlyCount "88"]
[EventDate "2024.04.07"]
[EventType "swiss"]
[EventCountry "IND"]
[SourceTitle "playchess.com"]
[Source "ChessBase"]
[SourceQuality "1"]
[TimeControl "5400+30"]

1. d4 Nf6 2. c4 e6 3. g3 Bb4+ 4. Bd2 Qe7 5. Bg2 Nc6 6. a3 Bxd2+ 7. Qxd2 a5 8. e4 (8. e3 $14) 8... d6 9. Ne2 e5 10. d5 Nb8 11. b3 Nbd7 12. Nbc3 O-O 13. O-O Nc5 14. Qc2 Ne8 15. b4 Na6 16. Qb2 (16. bxa5 $6 Nc5 $11) 16... f5 17. f4 (17. bxa5 f4 18. gxf4 exf4 $15) 17... Nf6 18. Rae1 (18. bxa5 Nc5 19. exf5 Bxf5 $17 (19... Rxa5 20. Nb5 $11)) (18. exf5 {is more complex.} Ng4 19. Qd2 exf4 20. Rxf4 Bxf5 21. Ne4) 18... exf4 ({Black should play} 18... Ng4 $14) 19. Nxf4 $16 fxe4 (19... Nd7 $16 20. exf5 (20. bxa5 Ne5 $14) 20... Ne5) 20. Nxe4 $18 Nxe4 21. Rxe4 (21. Bxe4 $6 Qg5 22. c5 (22. bxa5 Nc5 $14) 22... axb4 $18) 21... Qg5 22. Rfe1 (22. bxa5 $6 Bf5 $16 (22... Nc5 23. h4 $16)) 22... Bd7 23. Ne6 (23. bxa5 $6 Nc5 $16) 23... Bxe6 24. dxe6 Rae8 (24... Qe7 $16 {keeps fighting.} 25. R4e3 (25. bxa5 Nc5 $11) 25... Rab8) 25. Rd4 axb4 26. axb4 (26. Bxb7 bxa3 27. Qxa3 Nc5 $11) 26... Qf6 $2 (26... Qe7 27. Rh4 (27. Bxb7 Nxb4 28. Rdd1 c5 $14) 27... Qf6) 27. Bxb7 $2 ({Weaker is} 27. Bd5 Re7 $14) (27. e7 $18 Rxe7 28. Rf1 Qxf1+ (28... Qe6 $2 29. Bd5 $18) 29. Bxf1) 27... Nxb4 28. Bd5 $2 {[%emt 0:01:54][%mdl 8192] [#]} (28. Qd2 $1 $16 {is forced if you want to stay better. Strongly threatening Rf4.} g5 (28... Rxe6 $2 29. Rf4 $18) 29. Rde4) 28... Nxd5 (28... Nd3 $1 $19 29. e7+ (29. Rxd3 $2 {loses.} Qxb2 30. e7+ Rf7 $19) 29... Rf7 30. Bxf7+ Kxf7 31. Rxd3 Qxb2 32. Rf3+ Kg6 33. Re6+ Kg5) 29. cxd5 $11 Qf3 (29... c6 $11 {remains equal.}) 30. Qe2 {[%emt 0:04:40] Active counter play!} (30. Qd2 $16) 30... Qxe2 31. Rxe2 {[%emt 0:00:01][%mdl 4096] Endgame. KRR-KRR} h5 (31... Rc8 $14) 32. Rc2 (32. Rf4 $16) 32... c5 $1 $14 33. Ra4 {[%emt 0:02:02] Hoping for Ra6.} Rf5 34. Rd2 Kf8 {[%emt 0:00:00] [#]} (34... Re5 $14) 35. Rf2 (35. Ra6 $1 $16 ) 35... Rxf2 36. Kxf2 {[%emt 0:00:01] And now Ra7 would win. KR-KR} Ke7 37. Rf4 Rf8 {[%emt 0:02:29] Repels Rf7+} 38. Ke3 Rxf4 39. gxf4 $11 {[%emt 0:00:26] KP-KP} g6 40. h4 Kf6 41. Ke4 Ke7 42. Kd3 Kf6 43. Kc4 Ke7 44. Kb5 Ke8 {[%emt 0:00:03] Black escapes into a draw.   Weighted Error Value: White=0.54/Black=0.45.  Loses game:     	White=1     	---        Missed win:     	White=1     	Black=1      Mistake:       	White=4     	Black=7      Inaccurate:     	White=2     	Black=5      OK:         	White=8     	Black=13     Best:        	White=1     	Black=2      Strong:       	---       	Black=1} 1/2-1/2